 Dungeon Crawl Stone Soup version 0.24.0-123-gd5b16e6ec5 (webtiles) character file.

Game seed: 8180009007719825984, levelgen mode: deterministic

79256 Bergy the Peltast (level 15, -33/96 HPs)
             Began as a Gargoyle Fighter on Jan 4, 2020.
             Was the Champion of Makhleb.
             Killed from afar by Jorgrun (41 damage)
             ... with an iron shot
             ... on level 2 of the Orcish Mines.
             The game lasted 01:26:54 (25035 turns).

Bergy the Peltast (Gargoyle Fighter)               Turns: 25035, Time: 01:26:55

Health: -33/96     AC: 24    Str: 30    XL:     15   Next: 63%
Magic:  15/15      EV:  6    Int:  9    God:    Makhleb [******]
Gold:   1521       SH: 23    Dex:  7    Spells: 14/14 levels left

rFire    + . .     SeeInvis +   J - +3 flail
rCold    + + .     Gourm    +   R - +0 large shield
rNeg     + . .     Faith    .   P - +0 scale mail "Ufracw" {Regen+ Str+2}
rPois    ∞         Spirit   .   j - +1 hat
rElec    +         Reflect  .   (no cloak)
rCorr    .         Harm     .   V - +2 pair of gloves {archery}
MR       +....                  (no boots)
Stlth    ..........             d - amulet of Efeph {Gourm rC++}
HPRegen  0.66/turn              O - ring of see invisible
MPRegen  0.14/turn              M - ring of Zoabely {+Fly rElec rF+ Str+2 Dex-2}

@: grasped by roots, flying, constricted
A: big wings, negative energy resistance 1, electricity resistance, unbreathing,
petrification resistance, rot immunity, AC +11
a: Stop Flying, Minor Destruction, Lesser Servant of Makhleb, Major Destruction,
Greater Servant of Makhleb, Renounce Religion


You were on level 2 of the Orcish Mines.
You worshipped Makhleb.
Makhleb was exalted by your worship.
You were completely stuffed.

You visited 4 branches of the dungeon, and saw 23 of its levels.
You also visited: Bailey.

You collected 1932 gold pieces.
You spent 411 gold pieces at shops.

Inventory:

Hand Weapons
 J - a +3 flail (weapon)
Armour
 j - a +1 hat (worn)
 H - the +5 ring mail of the Skies Above {Dex+4}
   (You found it on level 7 of the Dungeon)

   It affects your dexterity (+4).
 P - the +0 scale mail "Ufracw" (worn) {Regen+ Str+2}
   (You found it on level 11 of the Dungeon)

   It affects your strength (+2).
   It increases your rate of regeneration.
 R - a +0 large shield (worn)
 V - a +2 pair of gloves of archery (worn)
Jewellery
 d - the amulet of Efeph (around neck) {Gourm rC++}
   (You found it on level 6 of the Lair of Beasts)

   [amulet of the gourmand]

   It allows you to eat raw meat even when not hungry.
   It greatly protects you from cold.
 h - a +5 ring of strength
 C - an uncursed ring of protection from cold {unknown}
 F - an uncursed ring of stealth
 I - an uncursed ring of resist corrosion
 M - the ring of Zoabely (right hand) {+Fly rElec rF+ Str+2 Dex-2}
   (You found it on level 2 of the Lair of Beasts)

   [ring of flight]

   It affects your strength (+2).
   It affects your dexterity (-2).
   It protects you from fire.
   It insulates you from electricity.
   It lets you fly.
 O - a ring of see invisible (left hand)
 W - a +4 ring of strength
Wands
 b - a wand of acid (41)
 i - a wand of disintegration (39)
 r - a wand of paralysis (22)
 y - a wand of flame (11)
 z - a wand of iceblast (14)
 D - a wand of random effects (17)
 Q - a wand of scattershot (10)
 S - a wand of digging (7)
 X - a wand of polymorph (8)
Scrolls
 a - 2 scrolls of enchant armour
 e - 9 scrolls of teleportation
 g - 3 scrolls of magic mapping
 l - 4 scrolls of fog
 m - 3 scrolls of fear
 n - 5 scrolls of enchant weapon
 p - 4 scrolls of blinking
 q - 13 scrolls of remove curse
 s - 7 scrolls of identify
 K - a scroll of summoning
 L - 2 scrolls of amnesia
 N - 2 scrolls of immolation
Potions
 k - 2 potions of invisibility
 o - a potion of degeneration {unknown}
 t - 4 potions of berserk rage {unknown}
 u - 2 potions of magic {unknown}
 v - 2 potions of cancellation {unknown}
 w - 2 potions of flight {unknown}
 x - 2 potions of haste
 A - 4 potions of lignification
 B - 4 potions of brilliance {unknown}
 G - 2 potions of curing
 T - a potion of ambrosia {unknown}
Comestibles
 f - 52 rations


   Skills:
 + Level 12.1 Fighting
 - Level 14.1 Maces & Flails
 * Level 11.3 Armour
 + Level 18.8 Shields


You had 14 spell levels left.
You didn't know any spells.
Your spell library contained the following spells:

 Spells                   Type           Power        Failure   Level  Hunger
 Animate Skeleton         Necr           N/A          85%         1    ##.....
 Apportation              Tloc           #.....       85%         1    ##.....
 Confusing Touch          Hex            #.....       85%         1    ##.....
 Corona                   Hex            #......      85%         1    ##.....
 Flame Tongue             Conj/Fire      #....        85%         1    ##.....
 Magic Dart               Conj           #...         85%         1    ##.....
 Summon Small Mammal      Summ           #...         85%         1    ##.....
 Blink                    Tloc           N/A          94%         2    ###....
 Call Imp                 Summ           #.......     94%         2    ###....
 Searing Ray              Conj           #.....       94%         2    ###....
 Slow                     Hex            #.......     94%         2    ###....
 Throw Flame              Conj/Fire      #.....       94%         2    ###....
 Confuse                  Hex            #.......     99%         3    ####...
 Conjure Flame            Conj/Fire      #.......     99%         3    ####...
 Dazzling Spray           Conj/Hex       #.....       99%         3    ####...
 Gell's Gravitas          Tloc           #.........   99%         3    ####...
 Ignite Poison            Fire/Tmut/Pois #.......     99%         3    ####...
 Inner Flame              Hex/Fire       #.......     99%         3    ####...
 Mephitic Cloud           Conj/Pois/Air  #.......     99%         3    ####...
 Portal Projectile        Hex/Tloc       #.....       99%         3    ####...
 Cause Fear               Hex            #.........   100%        4    #####..
 Force Lance              Conj/Tloc      #.......     100%        4    #####..
 Fulminant Prism          Conj/Hex       #.........   100%        4    #####..
 Iskenderun's Mystic Bla  Conj           #.......     100%        4    #####..
 Leda's Liquefaction      Hex/Erth       #.........   100%        4    #####..
 Petrify                  Tmut/Erth      #.......     100%        4    #####..
 Sticky Flame             Conj/Fire      #.......     100%        4    #####..
 Alistair's Intoxication  Tmut/Pois      #.......     100%        5    ######.
 Fireball                 Conj/Fire      #.........   100%        5    ######.
 Irradiate                Conj/Tmut      #.........   100%        5    ######.
 Metabolic Englaciation   Hex/Ice        #.........   100%        5    ######.
 Yara's Violent Unravell  Hex/Tmut       #.........   100%        5    ######.
 Poison Arrow             Conj/Pois      #.........   100%        6    #######
 Chain Lightning          Conj/Air       #.........   100%        8    #######
 Lehudib's Crystal Spear  Conj/Erth      #.........   100%        8    #######
 Fire Storm               Conj/Fire      #.........   100%        9    #######
 Glaciate                 Conj/Ice       #.........   100%        9    #######
 Sublimation of Blood     Necr           Unusable     N/A         2    N/A

Dungeon Overview and Level Annotations

Branches:
Dungeon (14/15) Temple (1/1) D:6 Lair (6/6) D:8 Swamp (0/4) Lair:2 Snake (0/4) Lair:2 Slime (0/5) Lair:6 Orc (2/2) D:9 Vaults (0/5) D:13 D:14 Bailey (visited) Elf: Orc:2

Altars:
Ashenzari
Cheibriados
Dithmenos
Elyvilon
Fedhas
Gozag
Hepliaklqana
Kikubaaqudgha
Makhleb
Nemelex Xobeh
Okawaru
Qazlal
Ru
Sif Muna
Trog
Uskayaw
Vehumet
Wu Jian
Xom
Yredelemnul
Zin
The Shining One

Shops:
D:6 [   D:12 !   D:13 [

Portals:
Trove: D:14 (give 11 potions of heal wounds)

Annotations:
D:5 2 runed translucent doors, sneaky's ghost, novice SpEn
Orc:2 Jorgrun


Innate Abilities, Weirdness & Mutations

You are resistant to torment.
Your stone body is resilient. (AC +11)
You are immune to poison.
Your large and strong wings let you fly indefinitely.
You resist negative energy. (rN+)
You are resistant to electric shocks. (rElec)
You can survive without breathing.
You are immune to petrification.
You are immune to rotting.


Message History

You feel better.
You feel better. You block Jorgrun's attack.
* * * LOW HITPOINT WARNING * * *
The grasping roots constrict you.
You feel better.
Jorgrun says, "Yer just na down-ta-earth enough."
Jorgrun gestures at you while chanting.
You are unaffected.
* * * LOW HITPOINT WARNING * * *
The grasping roots constrict you!
You hit Jorgrun but do no damage.
Jorgrun is almost dead.
You block Jorgrun's attack.
* * * LOW HITPOINT WARNING * * *
The grasping roots constrict you.
You bludgeon Jorgrun!!
Jorgrun is almost dead.
Jorgrun casts a spell at you. The iron shot hits you!!!
You die...

##.#.#.## #.......#
##......#
##.......###
###..........###
##..............#
#.....<........#
##..............#
#^...@...........
.##...)g#.##.......
........### .......
##........# ...$...
#.......## .......
##........ .......
#..........
####$........
##........


You could see Jorgrun.

Vanquished Creatures
  Rupert (D:13)
  Gastronok (D:9)
  2 dire elephants (Lair:6)
  Josephine (Lair:4)
  3 hydras
  A centaur warrior (D:13)
  3 two-headed ogres
  2 catoblepae (Lair:6)
  A tengu warrior (D:14)
  Erica (D:9)
  7 death yaks (Lair:6)
  An orc high priest (Orc:1)
  4 skeletal warriors (D:12)
  An unseen horror (D:10)
  2 orc knights
  A lindwurm (Lair:6)
  10 ugly things
  An orc sorcerer (Orc:1)
  A deep elf mage (D:14)
  3 manticores (Lair:6)
  3 cyclopes
  2 elephants (Lair:6)
  10 black mambas
  2 torpor snails
  A centaur zombie (D:13)
  A gargoyle (D:12)
  4 komodo dragons
  10 spiny frogs
  A tengu conjurer (D:13)
  9 polar bears (Lair:6)
  3 hornets (Lair:5)
  4 trolls
  A raiju (Lair:6)
  21 blink frogs
  10 hippogriffs
  6 dream sheep (Lair:6)
  6 wyverns
  12 spriggans (Lair:5)
  22 yaks
  17 humans
  2 water elementals (D:12)
  6 wraiths
  3 hogs (D:12)
  6 basilisks
  A hungry ghost (D:7)
  A steam dragon (D:13)
  8 vampire mosquitoes
  2 soldier ants
  5 wargs (Lair:6)
  2 nagas
  12 hell hounds (Lair:6)
  14 water moccasins
  7 porcupines
  13 orc warriors
  10 ogres
  3 ice beasts (D:13)
  5 sky beasts
  3 eyes of draining
  11 black bears
  3 necrophages
  3 boggarts (Lair:5)
  7 centaurs
  23 wolves
  6 crocodiles
  A big kobold (D:8)
  A gnoll sergeant (D:9)
  13 bullfrogs
  A water moccasin zombie (D:9)
  2 wyvern skeletons
  3 scorpions
  A hornet simulacrum (D:13)
  5 killer bees (D:7)
  4 wights (D:13)
  6 electric eels
  2 bullfrog zombies
  4 crimson imps
  3 jellies
  3 quasits
  10 orc priests
  23 orc wizards
  5 hounds
  2 centaur skeletons
  3 iguanas
  13 worker ants
  2 bullfrog simulacra (D:13)
  A hound zombie (D:9)
  A hound skeleton (D:4)
  A howler monkey zombie (D:8)
  15 adders
  5 gnolls
  6 shadow imps
  A white imp (D:13)
  2 oozes
  An adder zombie (D:5)
  2 adder skeletons
  3 worms
  3 dart slugs
  3 leopard geckos
  52 orcs
  7 giant cockroaches
  8 hobgoblins
  2 jackals (D:1)
  19 kobolds
  A quokka (D:9)
  7 bats
  5 frilled lizards
  11 goblins
  A leopard gecko zombie (D:8)
  7 rats
  A plant (D:8)
620 creatures vanquished.

Vanquished Creatures (collateral kills)
  Fannar (Lair:1)
  A hydra (Lair:6)
  2 polar bears (Lair:6)
  A raiju (Lair:6)
  A warg (Lair:6)
  A hell hound (Lair:6)
  2 black bears (Lair:6)
  2 wolves (Lair:6)
  A goblin (Bailey)
  6 kobolds (Bailey)
18 creatures vanquished.

Vanquished Creatures (others)
  A tengu conjurer (D:13)
  An electric eel (D:13)
  4 fungi
  15 plants
21 creatures vanquished.

Grand Total: 659 creatures vanquished

Notes
Turn   | Place    | Note
-------+----------+-------------------------------------------
     0 | D:1      | Bergy the Gargoyle Fighter began the quest for the Orb.
     0 | D:1      | Reached XP level 1. HP: 14/14 MP: 1/1
   123 | D:1      | Reached XP level 2. HP: 19/19 MP: 2/2
   437 | D:1      | Reached XP level 3. HP: 17/23 MP: 3/3
  1012 | D:2      | Reached XP level 4. HP: 19/28 MP: 4/4
  1509 | D:2      | You fall into a shaft and drop 2 floors!
  1541 | D:4      | Reached skill level 5 in Maces & Flails
  1541 | D:4      | Reached XP level 5. HP: 32/32 MP: 5/5
  3238 | D:5      | Entered Level 5 of the Dungeon
  3259 | D:4      | Reached XP level 6. HP: 37/37 MP: 6/6
  3516 | D:5      | Noticed a sky beast
  3529 | D:5      | Killed a sky beast
  3534 | D:5      | Reached XP level 7. HP: 27/41 MP: 7/7
  4004 | D:5      | Found a runed translucent door.
  4112 | D:5      | Noticed sneaky's ghost (novice SpEn)
  4129 | D:5      | Found a runed translucent door.
  4200 | D:5      | Reached XP level 8. HP: 16/46 MP: 8/8
  4784 | D:6      | Found Xaklekor's Armour Boutique.
  4969 | D:6      | Found a shadowy altar of Dithmenos.
  4986 | D:6      | Reached skill level 10 in Maces & Flails
  5182 | D:6      | Found a staircase to the Ecumenical Temple.
  5207 | Temple   | Entered the Ecumenical Temple
  5306 | Temple   | Became a worshipper of Makhleb the Destroyer
  5414 | D:6      | Found a shimmering blue altar of Sif Muna.
  5886 | D:7      | Reached XP level 9. HP: 41/51 MP: 9/9
  6256 | D:7      | Got a shimmering ring mail
  6267 | D:7      | Identified the +5 ring mail of the Skies Above {Dex+4} (You
                  | found it on level 7 of the Dungeon)
  6408 | D:7      | Reached * piety under Makhleb
  7218 | D:8      | Reached ** piety under Makhleb
  7283 | D:8      | Found a staircase to the Lair.
  7284 | D:8      | Noticed a komodo dragon
  7514 | D:8      | Got a dazzling leather armour
  7521 | D:8      | Killed a komodo dragon
  7668 | D:8      | Identified the +3 leather armour of Kikubaaqudgha's Hope
                  | {*Drain Str+6 Int+2 Dex-4} (You found it on level 8 of the
                  | Dungeon)
  7708 | D:8      | Reached XP level 10. HP: 50/56 MP: 10/10
  7903 | Lair:1   | Entered Level 1 of the Lair of Beasts
  7903 | Lair:1   | Noticed a six-headed hydra
  8257 | D:9      | Found the +10 zealot's sword {holy, *Rage rN+ EV+3}
  8271 | D:9      | Found a staircase to the Orcish Mines.
  8611 | D:9      | Noticed Gastronok
  8641 | D:9      | Killed Gastronok
  8641 | D:9      | Reached skill level 5 in Shields
  8767 | D:9      | Noticed Erica
  8810 | D:9      | Killed Erica
  8810 | D:9      | Reached skill level 5 in Fighting
  8810 | D:9      | Reached skill level 5 in Armour
  8810 | D:9      | Reached skill level 6 in Shields
  8810 | D:9      | Reached XP level 11. HP: 53/64 MP: 11/11
  9319 | Lair:1   | Killed a six-headed hydra
  9319 | Lair:1   | Reached skill level 7 in Shields
  9601 | Lair:1   | Reached *** piety under Makhleb
  9866 | Lair:1   | Reached skill level 8 in Shields
  9923 | Lair:1   | Got a twisted dagger
  9961 | Lair:1   | Noticed a six-headed hydra
  9971 | Lair:1   | Killed a six-headed hydra
 10059 | Lair:1   | Noticed Fannar
 10077 | Lair:1   | Killed Fannar
 10077 | Lair:1   | Reached skill level 9 in Shields
 10977 | Lair:1   | Reached skill level 10 in Shields
 11149 | Lair:1   | Reached XP level 12. HP: 60/71 MP: 12/12
 11509 | Lair:2   | Found a staircase to the Snake Pit.
 11670 | Lair:2   | Reached skill level 11 in Shields
 11691 | Lair:2   | Got a steaming brass ring
 11751 | Lair:2   | Found a staircase to the Swamp.
 12175 | Lair:3   | Identified the ring of Zoabely {+Fly rElec rF+ Str+2 Dex-2}
                  | (You found it on level 2 of the Lair of Beasts)
 12195 | Lair:3   | Got an ancient platinum ring
 12408 | Lair:3   | Identified the ring of the Skies Above {rElec rPois Dex+3
                  | Stlth-} (You found it on level 3 of the Lair of Beasts)
 13254 | Lair:4   | Reached skill level 12 in Shields
 13340 | Lair:4   | Reached **** piety under Makhleb
 13994 | Lair:4   | Noticed Josephine
 14009 | Lair:4   | Killed Josephine
 14009 | Lair:4   | Reached skill level 13 in Shields
 14750 | Lair:5   | Noticed a spriggan rider
 14853 | Lair:5   | Noticed a spriggan rider
 14870 | Lair:5   | Killed a spriggan rider
 14870 | Lair:5   | Reached XP level 13. HP: 62/79 MP: 13/13
 15119 | Lair:5   | Reached skill level 14 in Shields
 15375 | Lair:5   | Reached ***** piety under Makhleb
 16025 | Lair:6   | Entered Level 6 of the Lair of Beasts
 16451 | Lair:6   | Reached skill level 15 in Shields
 16484 | Lair:6   | Noticed a dire elephant
 16532 | Lair:6   | Killed a dire elephant
 17339 | Lair:6   | Reached skill level 16 in Shields
 17433 | Lair:6   | Gained mutation: Your large and strong wings let you fly
                  | indefinitely. [Gargoyle growth]
 17433 | Lair:6   | Reached XP level 14. HP: 87/87 MP: 14/14
 17619 | Lair:6   | Reached skill level 10 in Fighting
 18091 | Lair:6   | Found a staircase to the Slime Pits.
 18533 | Lair:6   | Reached skill level 17 in Shields
 18673 | Lair:6   | Reached ****** piety under Makhleb
 18728 | Lair:6   | Noticed a dire elephant
 18899 | Lair:6   | Killed a dire elephant
 18949 | Lair:6   | Got a pitted steel amulet
 18961 | Lair:6   | Identified the amulet of Efeph {Gourm rC++} (You found it
                  | on level 6 of the Lair of Beasts)
 19502 | D:10     | Entered Level 10 of the Dungeon
 19752 | D:10     | Reached skill level 10 in Armour
 20355 | D:11     | Got a fine scale mail
 20403 | D:11     | Identified the cursed +0 scale mail "Ufracw" {Regen+ Str+2}
                  | (You found it on level 11 of the Dungeon)
 20974 | D:12     | Found Nauthroi's Distillery.
 21009 | D:12     | Bought a potion of heal wounds for 75 gold pieces
 21228 | D:12     | Found a sparkling altar of Nemelex Xobeh.
 21361 | D:12     | Reached XP level 15. HP: 89/95 MP: 15/15
 21491 | D:12     | Found a flagged portal.
 21498 | Bailey   | Entered a bailey
 22248 | D:13     | Found Hoeviuna's Antique Armour Shoppe.
 22267 | D:13     | Bought a large shield for 126 gold pieces
 22267 | D:13     | Bought a pair of glowing gloves for 210 gold pieces
 22513 | D:13     | Reached skill level 18 in Shields
 23218 | D:14     | Found a gate to the Vaults.
 23218 | D:14     | Noticed Rupert
 23500 | D:13     | Killed Rupert
 23986 | D:14     | Found a portal to a secret trove of treasure.
 24434 | Orc:1    | Entered Level 1 of the Orcish Mines
 24796 | Orc:2    | Entered Level 2 of the Orcish Mines
 24807 | Orc:2    | Noticed Jorgrun
 25026 | Orc:2    | HP: 3/96 [Jorgrun/+0 quarterstaff of crushing (13)]
 25028 | Orc:2    | HP: 1/96 [Jorgrun/+0 quarterstaff of crushing (1)]
 25035 | Orc:2    | Killed from afar by Jorgrun

Levels and vault maps discovered:
D:1:      minmay_arrival_nine_rooms, layout_loops_ring
D:2:      layout_loops_ring
D:3:      layout_basic, first_ration
D:4:      layout_layer_cave
D:5:      layout_cave_pools, ebering_ghost_sewer_f
D:6:      layout_loops_cross, grunt_dithmenos_smoke_and_mirrors,
          minmay_temple_entry_drinking_statues, serial_shops, shop, led_sif_book
D:7:      layout_gridville
D:8:      layout_cave_pools, david_lair_shrubbed
D:9:      layout_irregular_city, orc_0_dummy, uniq_erica, uniq_gastronok
D:10:     layout_roguey, nrook_pool_corridor
D:11:     layout_rooms
D:12:     layout_basic, enter_bailey_3, serial_shops,
          nicolae_shop_temple_entry_statues_fountains, grunt_livestock,
          minivault_23, nemelex_xobeh_ov_fountains_minmay
D:13:     layout_basic, serial_ice, serial_ice_h, serial_ice_e, serial_ice_g,
          serial_ice_j, serial_ice_n, serial_shops, shop_fountains,
          hangedman_abyss_or_decor_slice, minmay_door_square
D:14:     layout_cave_pools, david_vaults_3, enter_trove_0, nicolae_wwwww,
          gauntlet_entry_generic
Temple:   compressed_dpeg_circular_temple
Lair:1:   layout_regular_city, nzn_random_ring, serial_bayou_shore_a,
          uniq_fannar
Lair:2:   layout_misc_corridors, swamp_mist, minmay_snake_entry_guardpost_small
Lair:3:   layout_cave_pods, infiniplex_staircase_pool_2
Lair:4:   layout_cave_pods, lemuel_fruit_fields, uniq_josephine
Lair:5:   kb_forest_paths, layout_regular_city, serial_bayou,
          serial_bayou_pond_d, serial_bayou_pond_a, serial_bayou_ford_a,
          serial_bayou_pond_c, st_stairs_3
Lair:6:   hangedman_lair_in_review, layout_layer_cave,
          hangedman_lair_caniforms_friends, slime_dummy,
          infiniplex_staircase_pool
Orc:1:    layout_caves, uniq_maurice
Orc:2:    st_orc_mages, layout_diamond_mine, basic_altar,
          david_defended_altar_orc, uniq_jorgrun

Skill      XL: |  1  2  3  4  5  6  7  8  9 10 11 12 13 14 15 |
---------------+----------------------------------------------+-----
Maces & Flails | 3 4 5 6 7 9 11 13 14 | 14.1
Fighting       | 5 6 8 9 11 12 | 12.1
Armour         | 5 7 8 10 11 | 11.3
Shields        | 6 10 13 16 17 18 | 18.8

Action                   |  1- 3 |  4- 6 |  7- 9 | 10-12 | 13-15 || total
-------------------------+-------+-------+-------+-------+-------++-------
Melee: Flail             |   126 |    99 |    44 |   708 |  2123 ||  3100
       Mace              |       |    79 |   504 |       |       ||   583
Invok: Lesser Servant of |       |       |       |     2 |     4 ||     6
 Abil: Fly               |       |       |       |       |     1 ||     1
  Use: Scroll            |       |     5 |     4 |    10 |     8 ||    27
       Potion            |       |     2 |     2 |     7 |    14 ||    25
 Stab: Invisible         |       |       |       |       |     7 ||     7
       Petrified         |       |       |       |       |     9 ||     9
       Distracted        |       |       |       |       |     3 ||     3
       Petrifying        |       |       |       |       |     1 ||     1
  Eat: Chunk             |       |     5 |    38 |    23 |    35 ||   101
       Ration            |       |     1 |     1 |       |       ||     2
Armor: Scale mail        |    68 |    47 |       |       |   243 ||   358
       Ring mail         |       |    49 |   313 |   275 |   374 ||  1011
Dodge: Dodged            |    37 |    67 |   169 |   186 |   447 ||   906
Block: Shield            |    67 |    74 |   273 |   378 |  1172 ||  1964
       Large shield      |       |       |       |       |   583 ||   583
